Map: [ESL] Ghost River

Players

Highdra - Winner!

  • Race: Protoss Protoss
  • Spawn Location: 1:00

eonblu

  • Race: Zerg Zerg
  • Spawn Location: 11:00

Event: HomeStory Cup XXV

VOD

Have the link to the VOD?

Description

Time

  • Played on: June 21, 2024, 9:48 a.m.
  • Length: 5:16

All games in this series

Show
View Real Time Build Order
Export as new Build Order

Highdra Protoss - Winner!

Build Orders:  

Get SALT Encoding   

  12  0:00  Probe  
  13  0:12  Probe  
  14  0:20  Pylon  
  14  0:24  Probe  
  15  0:39  Probe (Chrono Boost)  
  15  0:40  Gateway  
  16  0:47  Probe (Chrono Boost)  
  17  0:50  Assimilator  
  17  0:54  Probe  
  18  1:06  Probe  
  19  1:13  Gateway  
  19  1:20  Probe  
  20  1:27  Zealot  
  20  1:28  Cybernetics Core  
  22  1:33  Pylon  
  24  2:04  Adept x2  
  26  2:10  Probe  
  27  2:20  Nexus  
  26  2:25  Shield Battery  
  27  2:31  Assimilator  
  27  2:32  Probe  
  27  2:45  Probe (Chrono Boost)  
  27  2:48  Stargate  
  28  2:57  Probe (Chrono Boost)  
  29  3:03  Probe (Chrono Boost)  
  30  3:06  Shield Battery  
  30  3:07  Shield Battery  
  30  3:20  Pylon  
  32  3:34  Pylon  
  32  3:35  Void Ray (Chrono Boost)  
  32  3:58  Gateway  
  30  4:03  Adept  
  36  4:11  Void Ray  
  36  4:18  Gateway  
  36  4:19  Probe  
  27  4:52  Probe x2  
  29  5:12  Gateway  
Show
View Real Time Build Order
Export as new Build Order

eonblu Zerg 

Build Orders: Pool First 

Get SALT Encoding   

  12  0:00  Drone  
  13  0:12  Overlord  
  13  0:20  Drone  
  14  0:30  Drone x2  
  16  0:41  Spawning Pool  
  15  0:44  Drone  
  15  0:49  Extractor  
  15  0:50  Drone  
  16  1:12  Hatchery  
  16  1:16  Drone  
  16  1:20  Drone  
  17  1:27  Zergling x2  
  17  1:28  Zergling x2  
  19  1:39  Queen  
  21  1:47  Overlord  
  21  1:53  Metabolic Boost  
  21  2:05  Roach Warren  
  20  2:13  Drone  
  20  2:14  Drone  
  22  2:24  Overlord  
  22  2:47  Roach x4  
  22  2:49  Roach  
  32  2:54  Roach  
  34  3:00  Roach  
  34  3:05  Zergling x2  
  36  3:06  Zergling x2  
  36  3:08  Zergling x2  
  39  3:12  Zergling x2  
  39  3:16  Zergling x2  
  40  3:22  Zergling x4  
  41  3:28  Ravager  
  41  3:30  Overlord  
  42  3:41  Zergling x2  
  42  3:42  Zergling x2  
  42  3:46  Zergling x2  
  43  3:49  Zergling x2  
  43  3:50  Zergling x2  
  45  3:58  Zergling x4  
  47  4:08  Zergling x2  
  47  4:09  Zergling x6  
  50  4:14  Zergling x2  
  45  4:29  Zergling x2  
  45  4:30  Zergling x2  
  43  4:33  Zergling x2  
  41  4:42  Zergling x8  
  38  4:47  Zergling x2  
  33  4:59  Zergling x2  
Tags
 
Add a new tag
Caveats
  • Supply blocks, unpowered buildings, or Contaminate may cause inaccurate times.
  • Supply counts are checked every 10 seconds.